 Dungeon Crawl Stone Soup version 0.31-a0-202-g547052bce9 (webtiles) character file.

Game seed: 2878088433633554217

233 qw the Skirmisher (level 5, -3/30 HPs)
             Began as a Deep Elf Hunter on June 26, 2023.
             Killed by nerve-wracking pain
             ... invoked by an orc priest
              (12 damage)
             ... on level 4 of the Dungeon.
             The game lasted 00:01:10 (2878 turns).

qw the Skirmisher (Deep Elf Hunter)                 Turns: 2878, Time: 00:01:11

Health: -3/30      AC:  6    Str: 10    XL:     5   Next: 74%
Magic:  0/7        EV: 11    Int: 14    God:
Gold:   202        SH:  0    Dex: 18    Spells: 4/4 levels left

rFire   . . .        Y - +0 shortbow
rCold   . . .        (shield currently unavailable)
rNeg    . . .        f - +0 ring mail
rPois   +            (no helmet)
rElec   .            (no cloak)
rCorr   .            h - +0 pair of gloves
SInv    .            (no boots)
Will    .....        i - amulet of guardian spirit
Stlth   +            g - ring of poison resistance
HPRegen 0.25/turn    (no ring)
MPRegen 0.10/turn

%: guardian spirit
@: no status effects
A: no striking features
a: no special abilities


You were on level 4 of the Dungeon.
You visited 1 branch of the dungeon, and saw 4 of its levels.

You collected 202 gold pieces.


   Skills:
 - Level 2.1 Fighting
 + Level 9.0 Ranged Weapons
 - Level 2.4 Dodging
 - Level 1.2 Stealth


You had 4 spell levels left.
You didn't know any spells.
Your spell library was empty.

Inventory:

Hand Weapons
 Y - a +0 shortbow (weapon)
Armour
 f - a +0 ring mail (worn)
 h - a +0 pair of gloves (worn)
Jewellery
 g - a ring of poison resistance (left hand)
 i - an amulet of guardian spirit (around neck)
Scrolls
 d - a scroll of identify
Potions
 a - a potion of brilliance {unknown}
 b - a potion of mutation {unknown}
 c - a potion of enlightenment
 e - a potion of curing

Dungeon Overview and Level Annotations

Branches:
Dungeon (4/15)
 Temple: D:4-7

Altars:
Dithmenos
Ru

Shops:
D:3 (

Annotations:
D:4 Edmund


Message History

You shoot an arrow. The arrow hits the goblin!
You kill the goblin!
Found a There-And-Back Book.
An orc comes into view. It is wielding a +0 short sword.
Found 10 gold pieces.
The orc shouts!
You hear a shout! x2
An orc priest comes into view. It is wielding a +0 club.
Enter note:
Enter note: You shoot an arrow.
The arrow hits the orc but does no damage.
You shoot an arrow. The arrow completely misses the orc.
The arrow hits the orc priest!
The orc priest is heavily wounded.
You shoot an arrow. The arrow closely misses the orc.
The arrow hits the orc priest.
The orc priest is almost dead.
The orc priest calls down the wrath of Beogh upon you.
Beogh smites you!
You shoot an arrow.
The arrow hits the orc but does no damage.
A goblin comes into view. It is wielding a +0 club.
You shoot an arrow.
The arrow hits the orc but does no damage.
Edmund the Younger comes into view.
He is wielding a +2 flail of protection and carrying a wand of polymorph (7).
You shoot an arrow.
Edmund shouts!
The arrow hits the orc.
The orc is heavily wounded.
The orc misses you.
The orc priest looks braver for a moment.
You shoot an arrow. The arrow hits the orc.
You kill the orc!
An orc wizard comes into view. It is wielding a +0 dagger.
The orc priest invokes the aid of Beogh against you.
Beogh smites you!
2878 ||| Stepping ~*~*~tactically~*~*~ (outnumbered).
The orc priest mumbles some strange prayers to Beogh against you.
Pain shoots through your body!
You die...

...
###...#..##..#######
...##.....#.......##
...................#
#.........#......##
##..........#....###
........#.#........#
...................#
....o...#.#........##
....g.#@............#
...@# ###..........##
.o. ##..#..#..## $
##########


You could see an orc priest.

Vanquished Creatures
  2 hounds
  An orc wizard (D:3)
  4 adders
  A river rat (D:3)
  4 worms
  4 dart slugs
  4 orcs
  3 bats (D:1)
  8 endoplasms
  8 giant cockroaches
  12 goblins
  2 hobgoblins (D:3)
  3 jackals (D:1)
  3 kobolds
  3 quokkas
  6 ball pythons
  5 frilled lizards
  7 rats
80 creatures vanquished.

Notes
Turn   | Place    | Note
-------+----------+-------------------------------------------
     0 | D:1      | qw the Deep Elf Hunter began the quest for the Orb.
     0 | D:1      | Reached XP level 1. HP: 12/12 MP: 3/3
     0 | D:1      | 0 ||| qw: Version: 0.3-a-22-g0ed2b0b
     0 | D:1      | 0 ||| qw: Game counter: 5771
     0 | D:1      | 0 ||| qw: Melee chars always use a shield: true
     0 | D:1      | 0 ||| qw: God list: Okawaru
     0 | D:1      | 0 ||| qw: Allow faded altars: false
     0 | D:1      | 0 ||| qw: Do Orc after clearing Dungeon:15 true
     0 | D:1      | 0 ||| qw: Do second Lair branch before Depths: true
     0 | D:1      | 0 ||| qw: Lair rune preference: random
     0 | D:1      | 0 ||| qw: Goals: Normal
     0 | D:1      | 0 ||| PLANNING D:1-11
   120 | D:1      | Reached XP level 2. HP: 16/16 MP: 4/4
   125 | D:1      | Reached skill level 6 in Ranged Weapons
   570 | D:1      | Reached XP level 3. HP: 20/20 MP: 5/5
   863 | D:1      | 863 ||| UPGRADING to +0 ring mail.
   873 | D:1      | 873 ||| DROPPING +0 leather armour.
   874 | D:1      | 874 ||| UPGRADING to ring of poison resistance.
   875 | D:1      | 875 ||| READING scroll labelled KITUIF TUAROIMM.
   876 | D:1      | 876 ||| READING scroll labelled CAYFAN WUICEM.
   877 | D:1      | 877 ||| DROPPING scroll of butterflies.
   950 | D:2      | Reached skill level 7 in Ranged Weapons
  1171 | D:2      | Reached XP level 4. HP: 24/25 MP: 6/6
  1429 | D:2      | 1429 ||| UPGRADING to amulet of guardian spirit.
  1434 | D:2      | 1434 ||| READING scroll labelled LUOTSEWKAECH.
  1435 | D:2      | 1435 ||| READING 2 scrolls labelled SUDOLE VUPTIEKKA.
  1436 | D:2      | 1436 ||| DRINKING 2 metallic silvery potions.
  1540 | D:2      | 1540 ||| DRINKING 2 bubbling pink potions.
  1541 | D:2      | 1541 ||| DROPPING potion of berserk rage.
  1542 | D:2      | 1542 ||| DROPPING scroll of poison.
  1552 | D:3      | 1552 ||| PLANNING SEWER
  1669 | D:3      | Found Raogaum's Antique Weapon Shoppe.
  1670 | D:3      | Found a shadowy altar of Dithmenos.
  1783 | D:3      | Reached skill level 8 in Ranged Weapons
  1956 | D:3      | Found a sacrificial altar of Ru.
  2206 | D:3      | 2206 ||| Stepping ~*~*~tactically~*~*~ (water).
  2310 | D:3      | 2310 ||| RIP SEWER
  2411 | D:3      | 2411 ||| PLANNING D:1-11
  2547 | D:3      | 2547 ||| UPGRADING to +0 pair of gloves.
  2552 | D:3      | 2552 ||| READING scroll labelled SOSOPS KORARCH.
  2553 | D:3      | 2553 ||| DRINKING 2 coppery potions.
  2603 | D:4      | Reached XP level 5. HP: 29/29 MP: 7/7
  2606 | D:4      | 2606 ||| STAIRDANCE
  2618 | D:3      | HP: 6/29 [hound (2)]
  2622 | D:3      | HP: 2/29 [hound (2)]
  2630 | D:3      | Reached skill level 9 in Ranged Weapons
  2746 | D:4      | 2746 ||| STAIRDANCE
  2875 | D:4      | Noticed Edmund
  2878 | D:4      | 2878 ||| Stepping ~*~*~tactically~*~*~ (outnumbered).
  2878 | D:4      | Killed from afar by an orc priest

Levels and vault maps discovered:
D:1:      nicolae_arrival_somewhat_less_tricky_arrival, layout_basic
D:2:      layout_basic
D:3:      layout_basic, overflow_temple_1_default,
          nicolae_overflow_crystal_walls, serial_shops, nicolae_shop_tiny_glass,
          gup_sewer_entry_bubbles, minmay_misc_feat_hallway, minmay_distorted
D:4:      layout_cave_pools, serial_glass, glass_columns_a, glass_columns_b,
          minmay_misc_feat_tiny, st_stairs_3, nicolae_letterblocks
          [nicolae_letter_subblock, nicolae_letter_subblock,
          nicolae_letter_subblock, nicolae_letter_subblock,
          nicolae_letter_subblock, nicolae_letter_subblock,
          nicolae_letter_subblock, nicolae_letter_subblock,
          nicolae_letter_subblock, nicolae_letter_subblock,
          nicolae_letter_subblock, nicolae_letter_subblock,
          nicolae_letter_subblock, nicolae_letter_subblock,
          nicolae_letter_subblock, nicolae_letter_subblock,
          nicolae_letter_subblock, nicolae_letter_subblock,
          nicolae_letter_subblock, nicolae_letter_subblock,
          nicolae_letter_subblock, nicolae_letter_subblock,
          nicolae_letter_subblock, nicolae_letter_subblock,
          nicolae_letter_subblock], uniq_edmund

Skill      XL: |  1  2  3  4  5 |
---------------+----------------+-----
Ranged Weapons | 6 7 8 9 |  9.0
Fighting       | 2 |  2.1
Dodging        | |  2.4
Stealth        | |  1.2

Action                     |  1- 3 |  4- 6 || total
---------------------------+-------+-------++-------
   Fire: Shortbow          |    97 |   155 ||   252
    Use: Scroll            |     2 |     3 ||     5
         Potion            |       |     3 ||     3
 Armour: Leather armour    |    12 |       ||    12
         Ring mail         |     2 |    37 ||    39
  Dodge: Dodged            |    21 |    58 ||    79

Table legend:
 A = Non-vault XP
 B = Vault XP
 C = Vault XP percentage of total XP
 D = Non-vault monster count
 E = Vault monster count
 F = Vault count percentage of total count
                 A         B        C        D         E       F
            +---------+---------+-------+---------+---------+-------
      Total |     298 |      35 |  10.5 |      75 |       5 |   6.2
            +---------+---------+-------+---------+---------+-------
        D:1 |      49 |       0 |   0.0 |      26 |       0 |   0.0
        D:2 |      67 |       0 |   0.0 |      21 |       0 |   0.0
        D:3 |     131 |      35 |  21.1 |      23 |       5 |  17.9
        D:4 |      51 |       0 |   0.0 |       5 |       0 |   0.0
            +---------+---------+-------+---------+---------+-------
